 Dungeon Crawl Stone Soup version 0.28.0-47-ge53b351184 (webtiles) character file.

Game seed: 5485885614086421521

2 Zeld the Skirmisher (level 1, 0/19 HPs)
             Began as a Draconian Monk on Apr 28, 2022.
             Slain by an iguana (8 damage)
             ... on level 4 of the Dungeon.
             The game lasted 00:00:25 (347 turns).

Zeld the Skirmisher (Draconian Monk)                 Turns: 347, Time: 00:00:25

Health: 0/19       AC:  4    Str: 13    XL:     1   Next: 25%
Magic:  1/1        EV: 12    Int: 10    God:
Gold:   37         SH:  0    Dex: 13    Spells: 0/0 levels left

rFire   . . .      SeeInvis .   a - +0 hand axe
rCold   . . .      Faith    .   (no shield)
rNeg    . . .      Spirit   .   (armour unavailable)
rPois   .          Reflect  .   (helmet restricted)
rElec   .          Harm     .   (no cloak)
rCorr   .          Rampage  .   (no gloves)
Will    .....                   (no boots)
Stlth   ++........              (no amulet)
HPRegen 0.06/turn               (no ring)
MPRegen 0.07/turn               (no ring)

@: no status effects
A: AC +4, unfitting armour, cold-blooded
a: no special abilities


You were on level 4 of the Dungeon.
You visited 1 branch of the dungeon, and saw 4 of its levels.

You collected 37 gold pieces.

Inventory:

Hand Weapons
 a - a +0 hand axe (weapon)
Potions
 b - a potion of curing {unknown}


   Skills:
 * Level 3.3 Fighting
 * Level 3.0 Axes
 + Level 2.7 Dodging
 + Level 1.8 Stealth


You couldn't memorise any spells.
You didn't know any spells.
Your spell library was empty.

Dungeon Overview and Level Annotations

Branches:
Dungeon (4/15)
 Temple: D:4-7

Altars:


Innate Abilities, Weirdness & Mutations

Your plain brown scales are hard. (AC +4)
You cannot fit into any form of body armour.
You are cold-blooded and may be slowed by cold attacks.


Message History

There's nothing to open nearby.
You now have 37 gold pieces (gained 10).
Found 27 arrows.
Found a leather armour.
Found a stone staircase leading down and a stone staircase leading up.
Found 13 arrows.
There is a stone staircase leading down here.
You climb downwards.
There is a stone staircase leading up here.
Found 22 sling bullets.
You see here 22 sling bullets.
Found a stone staircase leading down.
Found a stone staircase leading up.
There is a stone staircase leading down here.
Found a rapier.
A worm comes into view.
A worm is nearby!
An iguana comes into view.
The iguana hisses angrily.
An orc comes into view. It is wielding a +0 flail.
Found 13 stones.
You aren't carrying any items that you can evoke.
You hit the iguana but do no damage.
Your tail-slap misses the iguana.
The iguana bites you!
Ouch! That really hurt!
The iguana barely misses you.
You hit the iguana but do no damage. The iguana closely misses you.
Unknown command.
You hit the iguana.
The iguana is moderately wounded.
The iguana barely misses you.
Unknown command.
You hit the iguana.
The iguana is heavily wounded.
The iguana barely misses you.
Unknown command.
You hit the iguana but do no damage.
The iguana is heavily wounded.
The iguana bites you!
You die...

.. ##.# ##.####
...# ..... #..#
.... # #..#
######..###o.#
#..#
..(..........#
#..# #w# #..#
#l## #..######
#@.# #........
##.# #.#######
#.# #.......#
#.## #.#####.#
#..# ### #.# ##.#
# #.# #.## .##
#.#
######..##..####
#.#
..)..............
#.#


You could see a worm and an iguana.

Vanquished Creatures
  A kobold (D:1)
  2 rats
3 creatures vanquished.

Notes
Turn   | Place    | Note
-------+----------+-------------------------------------------
     0 | D:1      | Zeld the Draconian Monk began the quest for the Orb.
     0 | D:1      | Reached XP level 1. HP: 19/19 MP: 1/1
   336 | D:4      | Noticed an iguana
   347 | D:4      | Slain by an iguana

Illustrated notes

Levels and vault maps discovered:
D:1:      saegor_arrival_simple_c, layout_basic, ebering_ecumenical_altar_webs,
          serial_shops, nicolae_diamond_shop
D:2:      minmay_roachtagon, layout_basic, serial_forest,
          infiniplex_forest_straight_2, infiniplex_forest_lined_4_way,
          infiniplex_forest_side_room, infiniplex_forest_straight_3,
          infiniplex_forest_lined_3_way, infiniplex_forest_clump_C,
          uniq_natasha, uniq_robin
D:3:      layout_basic, serial_shops, nicolae_shop_competitors_out_of_business
D:4:      layout_basic, lemuel_tele_altar

Action                   || total
-------------------------++-------
Melee: Hand axe          ||    11
 Stab: Sleeping          ||     2
Armor: Skin              ||     1
Dodge: Dodged            ||     5
